 Dungeon Crawl Stone Soup version 0.30.0-15-g856e2d3f33 (webtiles) character file.

Game seed: 1619748314513964233

5614 browni3141 the Thaumaturge (level 10, -9/70 HPs)
             Began as a Mummy Summoner on May 19, 2023.
             Was a Follower of Kikubaaqudgha.
             Mangled by a blink frog (12 damage)
             ... on level 1 of the Lair of Beasts.
             The game lasted 00:30:35 (3628 turns).

browni3141 the Thaumaturge (Mummy Summoner)         Turns: 3628, Time: 00:30:35

Health: -9/70      AC:  3    Str: 12    XL:     10   Next: 45%
Magic:  2/23       EV: 12    Int: 19    God:    Kikubaaqudgha [*.....]
Gold:   434        SH:  0    Dex: 12    Spells: 6/27 levels left

rFire   . . .        Y - +0 spear
rCold   + . .        (no shield)
rNeg    + + +        a - +0 robe
rPois   ∞            (no helmet)
rElec   .            (no cloak)
rCorr   .            (no gloves)
SInv    .            H - +0 pair of boots
Will    +....        (no amulet)
Stlth   ++           P - ring of protection from fire
HPRegen 0.31/turn    K - ring of wizardry
MPRegen 0.18/turn

%: faith, wizardry (x1)
@: no status effects
A: cold resistance 1, negative energy resistance 3, torment resistance 2, heat
vulnerability 1, in touch with death 1, no potions, faith
a: Renounce Religion, Unearth Wretches


You were on level 1 of the Lair of Beasts.
You worshipped Kikubaaqudgha.
Kikubaaqudgha was aware of your devotion.
You visited 3 branches of the dungeon, and saw 10 of its levels.

You collected 434 gold pieces.

Inventory:

Hand Weapons
 b - a +0 dagger
 D - a +0 trident
 Y - a +0 spear (weapon)
Missiles
 E - 3 boomerangs of dispersal
 J - 22 poisoned darts
 T - 3 boomerangs
 Z - a throwing net
Armour
 a - a +0 robe (worn)
 H - a +0 pair of boots (worn)
 L - a +0 kite shield
Jewellery
 C - a ring of protection from fire
 K - a ring of wizardry (right hand)
 P - a ring of protection from fire (left hand)
Wands
 G - a wand of roots (5)
 R - a wand of light (7)
 U - a wand of mindburst (6)
 V - a wand of flame (27)
Scrolls
 F - a scroll of fog
 I - a scroll of brand weapon
 M - a scroll of magic mapping
 N - a scroll of poison
 O - a scroll of enchant weapon
 Q - 2 scrolls of silence
 S - a scroll of noise
 W - a scroll of vulnerability
 X - 2 scrolls of fear


   Skills:
 * Level 3.5 Fighting
 - Level 2.0 Dodging
 - Level 2.0 Stealth
 * Level 9.0 Spellcasting
 - Level 2.0 Hexes
 - Level 7.0 Summonings
 * Level 8.7 Necromancy
 - Level 4.0 Air Magic
 - Level 3.0 Evocations


You had 6 spell levels left.
You knew the following spells:

 Your Spells              Type           Power      Damage    Failure   Level
a - Call Canine Familiar  Summ           35%        N/A       1%          3
d - Animate Dead          Necr           58%        N/A       1%          4
g - Summon Guardian Gole  Hex/Summ       25%        N/A       1%          3
l - Summon Lightning Spi  Summ/Air       29%        N/A       3%          4
u - Dispel Undead         Necr           58%        3d21      1%          4
x - Call Imp              Summ           70%        N/A       1%          2
z - Summon Small Mammal   Summ           100%       N/A       1%          1

Your spell library contained the following spells:

 Spells                   Type           Power      Damage    Failure   Level
 Kiss of Death            Conj/Necr      100%       2d13      1%          1
 Necrotise                Necr           100%       1d9       1%          1
 Cigotuvi's Dreadful Rot  Necr/Pois/Air  74%        N/A       1%          2
 Vampiric Draining        Necr           58%        2d10      1%          3
 Magic Dart               Conj           32%        1d4       3%          1
 Confusing Touch          Hex            16%        N/A       4%          3
 Mephitic Cloud           Conj/Pois/Air  13%        N/A       6%          3
 Death Channel            Necr           29%        N/A       14%         6
 Borgnjor's Vile Clutch   Necr/Erth      18%        N/A       16%         5


Dungeon Overview and Level Annotations

Branches:
Dungeon (8/15)             Temple (1/1) D:7            Lair (1/5) D:8

Altars:
Cheibriados
Fedhas
Gozag
Hepliaklqana
Kikubaaqudgha
Nemelex Xobeh
Ru
Sif Muna
Uskayaw
Vehumet
Xom
Yredelemnul

Annotations:
D:4 2 runed translucent doors, Strat's ghost, amateur FoIE


Innate Abilities, Weirdness & Mutations

You are immune to poison.
Your flesh is cold resistant. (rC+)
You are immune to negative energy. (rN+++)
You are immune to unholy pain and torment.
You are vulnerable to heat. (rF-)
You are in touch with the powers of death.
You do not drink.
You have a special connection with the divine. (Faith)


Message History

Your blink frog zombie hits the yak!
Casting: Animate Dead (dangerous; 1% risk of failure)
Confirm with . or Enter, or press ? or * to list all spells.
The yak barely misses your blink frog zombie.
A yak comes into view.
Your blink frog zombie hits the yak!
Casting: Call Canine Familiar (safe; 1% risk of failure)
Confirm with . or Enter, or press ? or * to list all spells.
A guardian golem appears, shielding your allies.
Your reaping aura is weakening.
Your blink frog zombie hits the yak.
Your blink frog zombie hits the yak but does no damage.
The yak gores your blink frog zombie!
Your blink frog zombie hits the plant!
The plant begins to die.
Your blink frog zombie closely misses the yak.
Your blink frog zombie hits the yak but does no damage.
The yak gores your blink frog zombie!
Your blink frog zombie hits the plant!
A blink frog comes into view.
Your blink frog zombie hits the yak.
Aiming: Fastroot
Press: ? - help, Shift-Dir - straight line, f - yak
Aim: a yak
Okay, then.
Your blink frog zombie hits the yak!
The yak dies!
Kikubaaqudgha accepts your kill.
The dead are walking!
Your blink frog zombie hits the plant!
The yak gores your blink frog zombie.
A yak comes into view.
Your blink frog zombie hits the yak!
Your blink frog zombie hits the yak.
Your blink frog zombie hits the plant!
Your blink frog zombie barely misses the yak.
A yak comes into view.
The yak gores your hound. The yak misses your hound.
The blink frog blinks!
Your blink frog zombie hits the plant.
Your blink frog zombie hits the yak!
The yak gores your hound.
Your hound bites the yak.
A yak comes into view.
The yak barely misses your blink frog zombie.
The blink frog barely misses your yak zombie.
Your reaping aura expires.
A nearby plant withers and dies.
Your hound barely misses the yak.
Your blink frog zombie hits the yak but does no damage.
The blink frog hits your yak zombie! The yak gores your hound.
The yak gores your yak zombie. The yak gores your blink frog zombie.
Your yak zombie barely misses the yak.
Your blink frog zombie hits the yak.
Your blink frog zombie hits the yak!
The yak dies!
Kikubaaqudgha accepts your kill.
Your hound bites the yak.
Your guardian golem overheats!
Your Spellcasting skill increases to level 9!
Unknown command.
Your hound barely misses the blink frog.
The yak gores your hound!
Your hound dies!
Your hound's corpse disappears in a puff of smoke!
Flame seeps out of your guardian golem. The yak gores your yak zombie!
Flame seeps out of your guardian golem.
Your blink frog zombie hits the yak!
The blink frog blinks!
Your yak zombie gores the yak but does no damage.
Your guardian golem is engulfed in blazing flames.
Your guardian golem disappears in a puff of smoke!
Your guardian golem explodes!
The fiery explosion engulfs your bullfrog zombie!!
The fiery explosion engulfs your blink frog zombie!!
Your blink frog zombie is engulfed in blazing flames.
Something gores your blink frog zombie! The yak barely misses your yak zombie.
Your blink frog zombie hits the yak.
Your bullfrog zombie hits the yak but does no damage.
Your yak zombie gores the yak!
Aiming: Mindburst
Press: ? - help, Shift-Dir - straight line, f - blink frog
Aim: a blink frog (chance to affect: 60%)
The blink frog's mind is blasted!
Your blink frog zombie closely misses the yak.
Your blink frog zombie hits the yak!
The yak barely misses your yak zombie. The yak gores your blink frog zombie!
The yak gores your blink frog zombie.
Your bullfrog zombie hits the yak but does no damage.
Your blink frog zombie is engulfed in blazing flames.
The blink frog blinks!
Aiming: Mindburst
Press: ? - help, Shift-Dir - straight line, f/p - blink frog
Aim: a blink frog (moderately wounded, chance to affect: 60%)
The blink frog resists with significant effort.
Your blink frog zombie hits the yak!
Your blink frog zombie closely misses the yak.
Your bullfrog zombie hits the yak.
Your yak zombie gores the yak.
The yak gores your bullfrog zombie!! The yak gores your blink frog zombie!
The yak gores your blink frog zombie. The yak misses your blink frog zombie.
The blink frog hits you!
* * * LOW HITPOINT WARNING * * *
Your blink frog zombie hits the yak.
The yak dies!
Kikubaaqudgha accepts your kill.
As you read the scroll of fear, it crumbles to dust.
You assume a fearsome visage.
The yak looks frightened! x3
The blink frog resists with some effort.
The blink frog hits you!
You die...
Kikubaaqudgha rasps: "You have failed me!
Welcome... oblivion!"

# ...........#
#.#............#............#
#..........#...#.... ...#...#
#.#........#YY.#..#####.....#
#........Z.Y.Z..............#
#.P##.#.#+Z#Z................
##.......Z§...Z...........○.†.
#.........§§§...........☼..†..
#..........§@..............†.
#.....)...P..F...............
##..#..#...P..P...............
#..##..#......................
##.##....P..8.PP.#..#####.#...
#.##....P....P....... ..#...
#.##.....P..P................
#.##.......P.^.#....... .
#.##...........#.......


You could see 3 yaks, a blink frog (ally target), a friendly yak zombie, 2
friendly bullfrog zombies and 3 friendly blink frog zombies.

Vanquished Creatures
  A black mamba (Lair:1)
  A rime drake (Lair:1)
  A blink frog (Lair:1)
  An ice beast (D:7)
  An ogre (D:5)
  A kobold brigand (D:8)
  2 bullfrogs
  A scorpion (D:5)
  4 wights (D:8)
  An orc priest (D:4)
  An iguana (D:6)
  A nameless horror (D:7)
  An adder (D:2)
  A worm (D:2)
  A dart slug (D:2)
  5 orcs
  5 ball pythons
  An endoplasm (D:1)
  2 giant cockroaches
  2 goblins
  2 bats
  5 kobolds
  2 rats (D:2)
43 creatures vanquished.

Vanquished Creatures (collateral kills)
  Pikel (D:8)
  2 blink frogs (Lair:1)
  5 yaks (Lair:1)
  A steam dragon (D:8)
  2 water moccasins (Lair:1)
  An orc warrior (D:8)
  2 wolves (Lair:1)
  A centaur (D:8)
  2 phantoms
  4 lemures (D:8)
  A kobold brigand (D:7)
  6 bullfrogs
  3 scorpions
  2 hounds
  2 orc priests (D:6)
  4 iguanas
  4 gnolls (D:7)
  10 adders
  2 shadow imps (D:7)
  2 worms (D:2)
  A dart slug (D:4)
  10 orcs
  An endoplasm (D:2)
  2 giant cockroaches
  A quokka (D:5)
  3 ball pythons
  11 kobolds
  A rat (D:1)
87 creatures vanquished.

Vanquished Creatures (others)
  A boulder beetle (Lair:1)
  A cane toad (Lair:1)
  A komodo dragon (D:8)
  3 yaks (Lair:1)
  A cane toad zombie (Lair:1)
  An orc warrior (D:7)
  A wolf (Lair:1)
  A black bear (D:8)
  A rime drake zombie (Lair:1)
  A bullfrog (Lair:1)
  A scorpion (D:8)
  2 water moccasin zombies (Lair:1)
  5 yak zombies (Lair:1)
  2 bullfrog zombies (Lair:1)
  A sleepcap (D:8)
  A gnoll bouda (D:7)
  A gnoll (D:7)
  An orc (D:7)
26 creatures vanquished.

Grand Total: 156 creatures vanquished

Notes
Turn   | Place    | Note
-------+----------+-------------------------------------------
     0 | D:1      | browni3141 the Mummy Summoner began the quest for the Orb.
     0 | D:1      | Reached XP level 1. HP: 13/13 MP: 4/4
   122 | D:2      | Reached skill level 3 in Spellcasting
   122 | D:2      | Reached XP level 2. HP: 19/19 MP: 3/6
   137 | D:2      | Learned a level 2 spell: Call Imp
   172 | D:2      | Gained mutation: You are in touch with the powers of death.
                  | [Mummy growth]
   172 | D:2      | Reached XP level 3. HP: 20/25 MP: 5/7
   264 | D:2      | Learned a level 3 spell: Call Canine Familiar
   343 | D:2      | Reached XP level 4. HP: 21/32 MP: 5/8
   655 | D:4      | Found a large runed translucent door.
   655 | D:4      | Found a large runed translucent door.
   668 | D:4      | Reached skill level 4 in Spellcasting
   669 | D:4      | Noticed Strat's ghost (amateur FoIE)
   691 | D:4      | Learned a level 3 spell: Summon Guardian Golem
   717 | D:4      | Reached XP level 5. HP: 36/37 MP: 7/12
   913 | D:4      | Reached skill level 5 in Spellcasting
  1080 | D:5      | Entered Level 5 of the Dungeon
  1290 | D:5      | Reached XP level 6. HP: 34/43 MP: 9/13
  1405 | D:5      | Learned a level 4 spell: Summon Lightning Spire
  1571 | D:5      | Reached XP level 7. HP: 44/48 MP: 10/14
  1822 | D:6      | Found a snail-covered altar of Cheibriados.
  1832 | D:6      | Reached skill level 6 in Summonings
  1832 | D:6      | Reached skill level 3 in Air Magic
  2147 | D:7      | Reached XP level 8. HP: 46/54 MP: 10/15
  2296 | D:7      | Found a staircase to the Ecumenical Temple.
  2307 | Temple   | Entered the Ecumenical Temple
  2377 | Temple   | Became a worshipper of Kikubaaqudgha
  2431 | D:7      | Learned a level 4 spell: Dispel Undead
  2679 | D:7      | Found a hide-covered altar of Uskayaw.
  2679 | D:7      | Found a blossoming altar of Fedhas.
  2699 | D:7      | Found a hazy altar of Hepliaklqana.
  2829 | D:8      | Reached * piety under Kikubaaqudgha
  2829 | D:8      | Received a gift from Kikubaaqudgha
  2881 | D:8      | Noticed a komodo dragon
  2893 | D:8      | Killed a komodo dragon
  2894 | D:8      | Reached skill level 3 in Necromancy
  2903 | D:8      | Reached skill level 6 in Spellcasting
  2921 | D:8      | Reached XP level 9. HP: 29/59 MP: 3/19
  2942 | D:8      | Found an opulent altar of Gozag.
  2988 | D:8      | Learned a level 4 spell: Animate Dead
  2993 | D:8      | Found a staircase to the Lair.
  2999 | D:8      | Reached skill level 7 in Spellcasting
  3153 | D:8      | Found a sacrificial altar of Ru.
  3293 | D:8      | Noticed Pikel
  3304 | D:8      | Killed Pikel
  3484 | Lair:1   | Entered Level 1 of the Lair of Beasts
  3490 | Lair:1   | Noticed a black mamba
  3495 | Lair:1   | Reached skill level 8 in Spellcasting
  3495 | Lair:1   | Reached skill level 6 in Necromancy
  3498 | Lair:1   | Noticed a cane toad
  3503 | Lair:1   | Reached skill level 3 in Evocations
  3506 | Lair:1   | Reached XP level 10. HP: 26/65 MP: 1/22
  3598 | Lair:1   | HP: 1/67 [blink frog (6)]
  3604 | Lair:1   | Reached skill level 3 in Fighting
  3624 | Lair:1   | Reached skill level 9 in Spellcasting
  3627 | Lair:1   | HP: 3/70 [blink frog (8)]
  3628 | Lair:1   | Mangled by a blink frog

Illustrated notes

Levels and vault maps discovered:
D:1:      minmay_arrival_three_doors, layout_basic, minmay_misc_feat_iff
D:2:      layout_basic, minmay_snake_closets
D:3:      layout_rooms, good_gods_temple_1, chequers_temple_overflow_minitemple,
          st_stairs_4, nicolae_goblin_pals, uniq_grinder
D:4:      layout_basic, ebering_ghost_disaster_area
D:5:      layout_gridville
D:6:      layout_rooms, mainiacjoe_overflow_small_starburst
D:7:      layout_basic, mainiacjoe_overflow_cross_hatched,
          gammafunk_temple_overflow_wave, minmay_temple_entry_tees,
          ebering_ghost_rock_garden, minmay_misc_feat_rugged, grunt_ministairs_5
D:8:      layout_basic, grunt_gozag_breadcrumbs, hangedman_ru_absence,
          grunt_lair_entry_orc_guard_hut, uniq_pikel
Temple:   grunt_temple_mini_profane
Lair:1:   layout_regular_city, dreamdust_mushroom_princess

Skill      XL: |  1  2  3  4  5  6  7  8  9 10 |
---------------+-------------------------------+-----
Spellcasting   | 3 4 5 6 8 9 |  9.0
Dodging        | 2 |  2.0
Stealth        | 2 |  2.0
Fighting       | 1 3 |  3.5
Summonings     | 4 5 6 7 |  7.0
Hexes          | 2 |  2.0
Air Magic      | 1 3 4 |  4.0
Necromancy     | 4 7 8 |  8.7
Evocations     | 3 |  3.0

Action                     |  1- 3 |  4- 6 |  7- 9 | 10-12 || total
---------------------------+-------+-------+-------+-------++-------
  Melee: Dagger            |     5 |       |       |       ||     5
         Spear             |    53 |    89 |   100 |    10 ||   252
         Punch             |       |       |     2 |       ||     2
   Cast: Summon Small Mamm |     6 |     2 |       |       ||     8
         Call Imp          |     5 |    13 |    11 |     1 ||    30
         Call Canine Famil |       |    13 |    18 |     1 ||    32
         Summon Lightning  |       |       |    13 |     1 ||    14
         Summon Guardian G |       |       |     9 |     3 ||    12
         Animate Dead      |       |       |     1 |     1 ||     2
 Invoke: Unearth Wretches  |       |       |     2 |       ||     2
  Evoke: Wand              |       |       |    11 |     4 ||    15
    Use: Scroll            |       |       |     9 |     1 ||    10
   Stab: Sleeping          |     2 |     1 |       |       ||     3
         Distracted        |     1 |     1 |     5 |       ||     7
         Paralysed         |       |       |     2 |       ||     2
 Armour: Robe              |     8 |    15 |    27 |     1 ||    51
  Dodge: Dodged            |    41 |    52 |    89 |     1 ||   183
